 Dungeon Crawl Stone Soup version 0.28-a0-1213-g0243856f03 (webtiles) character file.

Game seed: 16366153990348565711

21 frimble the Grasshopper (level 2, 0/22 HPs)
             Began as a Demonspawn Warper on Dec 22, 2021.
             Slain by a ball python (1 damage)
             ... on level 1 of the Dungeon.
             The game lasted 00:00:32 (890 turns).

frimble the Grasshopper (Demonspawn Warper)          Turns: 890, Time: 00:00:32

Health: 0/22       AC:  3    Str: 11    XL:     2   Next: 65%
Magic:  5/5        EV: 11    Int: 14    God:
Gold:   23         SH:  0    Dex: 12    Spells: 5/5 levels left

rFire   . . .      SeeInvis .   a - +0 falchion
rCold   . . .      Faith    .   (no shield)
rNeg    . . .      Spirit   .   b - +0 leather armour
rPois   .          Reflect  .   (no helmet)
rElec   .          Harm     .   (no cloak)
rCorr   .          Rampage  .   (no gloves)
Will    .....                   (no boots)
Stlth   +.........              (no amulet)
HPRegen 0.07/turn               (no ring)
MPRegen 0.09/turn               (no ring)

@: no status effects
A: hooves 1
a: no special abilities


You were on level 1 of the Dungeon.
You visited 1 branch of the dungeon, and saw 1 of its levels.

You collected 23 gold pieces.

Inventory:

Hand Weapons
 a - a +0 falchion (weapon)
Missiles
 d - 5 boomerangs of dispersal (quivered)
Armour
 b - a +0 leather armour (worn)
Scrolls
 c - a scroll of blinking
 e - a scroll of enchant armour {unknown}
Potions
 f - 2 potions of flight {unknown}


   Skills:
 - Level 2.0 Fighting
 + Level 2.3 Long Blades
 - Level 0.9 Throwing
 - Level 0.9 Armour
 + Level 2.3 Dodging
 - Level 2.0 Spellcasting
 - Level 2.7 Translocations


You had 5 spell levels left.
You didn't know any spells.
Your spell library contained the following spells:

 Spells                   Type           Power      Damage    Failure   Level
 Blink                    Tloc           18%        N/A       16%         2
 Gell's Gravitas          Tloc           9%         N/A       30%         3
 Lesser Beckoning         Tloc           9%         N/A       30%         3
 Teleport Other           Tloc           9%         N/A       30%         3
 Manifold Assault         Tloc           9%         N/A       95%         5


Dungeon Overview and Level Annotations

Branches:
Dungeon (1/15)

Altars:


Innate Abilities, Weirdness & Mutations

You have large cloven feet.


Message History

You are too injured to fight recklessly!
You are too injured to fight recklessly!
You hit the hobgoblin. Your kick misses the hobgoblin.
The hobgoblin is moderately wounded.
The hobgoblin closely misses you.
You hit the hobgoblin.
The hobgoblin is almost dead.
The hobgoblin hits you.
You barely miss the hobgoblin.
The hobgoblin is almost dead.
The frilled lizard bites you. The hobgoblin hits you.
* * * LOW HITPOINT WARNING * * *
You hit the hobgoblin but do no damage. Your kick misses the hobgoblin.
The hobgoblin is almost dead.
The frilled lizard bites you but does no damage.
The hobgoblin hits you.
* * * LOW HITPOINT WARNING * * *
You hit the hobgoblin.
You kill the hobgoblin!
The frilled lizard misses you. The frilled lizard closely misses you.
A ball python comes into view.
You hit the frilled lizard.
You kill the frilled lizard!
A ball python is nearby!
You barely miss the ball python. The ball python bites you.
* * * LOW HITPOINT WARNING * * *
The ball python barely misses you.
You closely miss the ball python. You kick the ball python.
The ball python is severely wounded.
The ball python bites you.
* * * LOW HITPOINT WARNING * * *
The ball python closely misses you. The ball python bites you.
* * * LOW HITPOINT WARNING * * *
The ball python barely misses you.
You closely miss the ball python.
The ball python is heavily wounded.
The ball python closely misses you. The ball python barely misses you.
A quokka comes into view.
The ball python bites you.
You die...

#........#....##.
#........##.#.##.
######'######.#.###
#......)......#.###
#..)............... .
#.....###.....#.... $..
#...>..............
...r.####.....###..........
......)†.S@................
##.........................
#.........#...............
#.........#...........####
#.........#.....#####..#
#.........#.....# ##.###
#.........#.....# #.##.
#.........#.....# #.#..
####### #.#..


You could see a quokka (wandering) and a ball python.

Vanquished Creatures
  A dart slug (D:1)
  A ball python (D:1)
  3 endoplasms (D:1)
  2 giant cockroaches (D:1)
  2 goblins (D:1)
  2 hobgoblins (D:1)
  A kobold (D:1)
  A quokka (D:1)
  A bat (D:1)
  A frilled lizard (D:1)
  2 rats (D:1)
17 creatures vanquished.

Notes
Turn   | Place    | Note
-------+----------+-------------------------------------------
     0 | D:1      | frimble the Demonspawn Warper began the quest for the Orb.
     0 | D:1      | Reached XP level 1. HP: 16/16 MP: 3/3
   243 | D:1      | Gained mutation: You have large cloven feet. [demonic
                  | ancestry]
   243 | D:1      | Reached XP level 2. HP: 19/22 MP: 5/5
   887 | D:1      | HP: 1/22 [ball python (1)]
   890 | D:1      | Slain by a ball python

Illustrated notes

Levels and vault maps discovered:
D:1:      lemuel_arrival_lava_pool, layout_basic

Skill      XL: |  1 |
---------------+----+-----
Long Blades    | 2 |  2.3
Dodging        | 2 |  2.3
Fighting       | |  2.0
Throwing       | |  0.9
Armour         | |  0.9
Spellcasting   | |  2.0
Translocations | |  2.7

Action                   || total
-------------------------++-------
Melee: Falchion          ||    55
       Kick              ||     5
Armor: Leather armour    ||    20
Dodge: Dodged            ||    36

Table legend: (Time is in decaauts)
 A = Elapsed time spent in this place.
 B = Non-inter-level travel time spent in this place.
 C = Inter-level travel time spent in this place.
 D = Time resting spent in this place.
 E = Time spent auto-exploring this place.
 F = Levels seen in this place.
 G = Mean time per level.
                   A        B        C        D        E       F      G
               +--------+--------+--------+--------+--------+-----+--------+
         Total |    901 |    901 |      0 |      0 |    775 |   1 |  901.0 |
       Dungeon |    901 |    901 |      0 |      0 |    775 |   1 |  901.0 |
               +--------+--------+--------+--------+--------+-----+--------+

Top non-repeatable levels by time:
     D:1: 901 daAuts
